← All builds
Geo / Cortex / Economy first / OBSERVED BUILD

Whirlwind rush

Cortex Geo build order · Supreme Isthmus

Geo adds an Aircraft Plant around 6:50 and pushes T1 bombers led by Whirlwind, with Valiant fighters and Finch scouts following, landing hits deep in the enemy base from as early as 8:52 well before the usual T2 push.

Usually blows up the commander for T2 (70%)

#air #rush #push · 45 distinct matches · 24 players · 6% of Cortex Geo games · team won 59% of 46 · Recently observed

THE CATCH, AND WHAT COMES WITH IT
  • WhirlwindT1 air bombers from 7:00 · 8% of role by thenFrom the Aircraft Plant. Only 8% of Geo games have it by then; others who build it get it around 7:29
  • Aircraft PlantAircraft Plant in 98%17% of all Geo games by then
  • ValiantValiant in 74%11% of all Geo games by then
  • FinchFinch in 52%7% of all Geo games by then
  • ValiantValiant in 48%6% of all Geo games by then

Started with Whirlwind (98%), Stormbringer (2%).

Where those units first fight, in 46 games with kill data: in the middle 52%, in the enemy base 46%.

Those units destroy a typical 1,980 metal of enemy units by 15:00.

Then transitions into Sheldon (14% of army), valiant (9% of army).

HOW TO PLAY IT

Key timing: Aircraft Plant by 6:57

  1. Open bot lab as usual but plan to eat it by 3:27.
  2. Get geo up on schedule to fund the air switch.
  3. Build Aircraft Plant instead of the usual T2 bot path.
  4. Push Whirlwind bombers straight into the enemy base.
  5. Reclaim the Aircraft Plant and transition back to Sheldon and T2 units.

Phase by phase

TYPICAL OF ITS 45 GAMES · AGAINST STANDARD GEO
  1. 1
  2. 2
  3. 3
  4. 4
  5. 5
PLAY THE OPENING

Follow the example game's first 8:00 step by step: what to build now, what comes next, and where it goes. At 1× it keeps pace with your own game.

  1. 1

    Up to the Bot Lab

    Economy
    • Metal Extractor3Mex
    • Wind Turbine3Wind
    Order
    1. Bot LabBot Lab after 3 mex, 3 winddone ~1:11, middle half 0:52–1:20

    By 0:54 in all: 3 mex · 3 wind

    The example game in this phase · 3 steps
    1. Mex ×2
    2. Wind ×2
    3. Bot LabBot Labdone 0:49 · typical 1:11
  2. 2

    Bot Lab to 5:00

    Economy
    • Metal Extractor2Mex
    • Wind Turbine3Wind−2 vs standard
    • Energy Converter7Converter
    • Energy Storage1Energy storage
    Order
    1. Geothermal PowerplantGeo after 4 mex, 5 wind
    2. Bot LabEat Bot Lab
    Builders
    • Construction Turret5 Con turret
    • Graverobber5 Graverobber
    • Construction Bot2 Con bot
    • Construction Bot1 Con bot for allies
    • Graverobber1 Graverobber for allies

    Some games also: Aircraft Plant (30%)

    By 5:00 in all: 4 mex · 7 wind · 1 geo · 7 converter · 1 energy storage · 5 con turret

    The example game in this phase · 23 steps
    1. Wind
    2. GraverobberGraverobber
    3. Wind ×3
    4. Construction BotCon bot
    5. GraverobberGraverobberfor Beach sea
    6. GraverobberGraverobber
    7. Mex ×2
    8. Energy storage
    9. GraverobberGraverobber
    10. Wind
    11. Construction BotCon bot
    12. Wind
    13. Geothermal PowerplantGeodone 3:01 · typical 3:26
    14. TrasherTrasher
    15. Con turret
    16. Bot LabEat Bot Labreclaimed for its metal
    17. Con turret ×2
    18. Converter
    19. Con turret
    20. Converter ×2
    21. Radar TowerRadar Tower
    22. Converter ×3
    23. Con turret
  3. 3

    5:00 to T1 air bombers

    Order
    1. Aircraft PlantAircraft Plant after 13 wind, 10 converter, 8 con turretin 67% of games
    2. WhirlwindT1 air bombers after 8 wind, 8 converter, 7 con turret
    Builders
    • Construction Turret1 Con turret

    Some games also: Advanced Geothermal Powerplant (48%) · converter (48%) · wind (39%)

    The standard build makes here, this one skips: 2 wind · 2 converter

    By 6:59 in all: 4 mex · 8 wind (standard 11) · 1 geo · 9 converter (standard 12) · 1 energy storage · 7 con turret

    The example game in this phase · 10 steps
    1. Advanced Metal ExtractorT2 mex ×4done 5:18 · typical 5:48
    2. Advanced Geothermal PowerplantAdvanced Geothermal Powerplantdone 6:48 · typical 7:19
    3. MaceMacefor Front
    4. Con turret
    5. MaceMacefor Front
    6. Con turret
    7. Aircraft PlantAircraft Plantdone 7:04 · typical 6:56
    8. Con turret
    9. FinchFinchfor Air
    10. WhirlwindWhirlwinddone 7:15
  4. 4

    T1 air bombers to Advanced Bot Lab

    Order
    1. Advanced Bot LabAdvanced Bot Lab after 11 wind, 10 converter, 6 con turretdone ~9:38, middle half 8:56–10:13
    Army
    • Whirlwind13 Whirlwind +13 vs standard
    • Valiant6 Valiant +6 vs standard

    Some games also: con turret (43%) · finch (43%) · wind (33%) · converter (33%)

    By 8:55 in all: 4 mex · 14 wind · 1 geo · 1 Advanced Geothermal Powerplant · 11 converter (standard 15) · 1 energy storage

    The example game in this phase · 11 steps
    1. RocketeerRocketeer ×2for Suicide front
    2. WhirlwindWhirlwind ×9
    3. RocketeerRocketeerfor Suicide front
    4. RocketeerRocketeer
    5. WhirlwindWhirlwind ×7
    6. RocketeerRocketeer
    7. WhirlwindWhirlwind ×3
    8. FinchFinch ×2
    9. ValiantValiant ×14
    10. Vehicle PlantVehicle Plantdone 8:47
    11. ValiantValiant ×4
  5. 5

    Advanced Bot Lab to 15:00

    Economy
    • Energy Converter7Converter+7 vs standard
    Order
    1. Aircraft PlantEat Aircraft Plant
    Builders
    • Construction Turret1 Con turret

    Some games also: wind (46%) · valiant (41%) · Sheldon (35%) · jammer bot (35%) · radar bot (35%)

    The standard build makes here, this one skips: 5 Sheldon

    By 15:00 in all: 4 mex · 21 wind · 1 geo · 1 Advanced Geothermal Powerplant · 19 converter · 1 energy storage

    The example game in this phase · 109 steps
    1. ValiantValiant ×4
    2. ValiantValiant ×15for Air
    3. IncisorIncisor
    4. ValiantValiant
    5. IncisorIncisor
    6. ShurikenShuriken
    7. IncisorIncisor
    8. ShurikenShuriken
    9. IncisorIncisor
    10. ShurikenShuriken ×2
    11. IncisorIncisor
    12. ShurikenShuriken
    13. IncisorIncisor
    14. ShurikenShuriken ×2
    15. IncisorIncisor
    16. ShurikenShuriken
    17. IncisorIncisor
    18. ShurikenShuriken ×2
    19. IncisorIncisor
    20. ShurikenShuriken
    21. IncisorIncisor
    22. ShurikenShuriken
    23. IncisorIncisor
    24. ShurikenShuriken
    25. ShurikenShurikenfor Air
    26. IncisorIncisor
    27. ShurikenShurikenfor Air
    28. IncisorIncisor
    29. ShurikenShurikenfor Air
    30. IncisorIncisor
    31. ShurikenShuriken ×2for Air
    32. IncisorIncisor
    33. ShurikenShurikenfor Air
    34. IncisorIncisor
    35. ShurikenShurikenfor Air
    36. IncisorIncisor
    37. ShurikenShurikenfor Air
    38. IncisorIncisor
    39. ShurikenShuriken ×2for Air
    40. Construction VehicleCon vehicle
    41. ShurikenShuriken ×2for Air
    42. IncisorIncisor
    43. ShurikenShurikenfor Air
    44. IncisorIncisor
    45. ShurikenShurikenfor Air
    46. IncisorIncisor
    47. ShurikenShuriken
    48. IncisorIncisor ×2
    49. Vehicle PlantEat Vehicle Plantreclaimed for its metal
    50. Advanced Vehicle PlantAdvanced Vehicle Plantdone 11:26
    51. Aircraft PlantEat Aircraft Plantreclaimed for its metal
    52. JunoJuno
    53. Converter
    54. Wind
    55. Converter
    56. Wind
    57. Converter
    58. ObscurerJammer
    59. Wind ×2
    60. Converter
    61. OmenRadar vehicle
    62. Wind
    63. Converter
    64. Wind
    65. QuakerQuakerdone 11:48
    66. Wind
    67. Converter
    68. QuakerQuaker
    69. Converter
    70. Wind
    71. QuakerQuaker
    72. Wind
    73. Converter
    74. Wind
    75. QuakerQuaker
    76. Wind ×3
    77. Advanced Construction VehicleT2 con vehiclefor Front
    78. Wind ×3
    79. QuakerQuaker
    80. Wind ×5
    81. QuakerQuaker
    82. Wind ×4
    83. TigerTigerdone 12:57
    84. Wind ×4
    85. TigerTiger
    86. Wind ×2
    87. TigerTiger
    88. Wind
    89. Converter
    90. Wind
    91. TigerTiger
    92. Converter
    93. Wind ×2
    94. Converter
    95. TigerTiger
    96. Converter
    97. Wind
    98. TigerTiger
    99. Converter ×2
    100. JunoJuno
    101. Converter ×2
    102. TigerTiger
    103. Converter ×3
    104. BanisherBanisherdone 14:48
    105. Wind
    106. Converter ×3
    107. BanisherBanisher
    108. Wind
    109. Converter ×2

Counts are medians over the build's games: half of them build more, half fewer. The example game is DukeofStars's (54 OS, 30/09/2026); pick another.

Team trades

IN AT LEAST 30% OF ITS GAMES

You hand over

  • Graverobber1 Graverobber to Beach seafirst at 2:15 · in 83% of games
  • Construction Bot1 Con bot to Beach sea or Pondfirst at 2:22 · in 78% of games

You get

  • Advanced Construction Bot1 T2 con bot from Techfirst at 4:59 · in 96% of games
  • Advanced Metal Extractor1 T2 mex from Tech or Beach sea or Pondfirst at 5:21 · in 33% of games
  • Valiant12 Valiant from Airfirst at 8:31 · in 35% of games

How it plays out

Typical game of this build against the role’s standard build, running totals by minute

  • This build
  • Standard geo

Metal produced

020k40k
0:005:0010:0015:00

metal

Enemy metal destroyed

05k10k
0:005:0010:0015:00

metal

Own metal lost

02k4k6k
0:005:0010:0015:00

metal

46 games.

Show as table
ByMetal produced: This buildMetal produced: Standard geoEnemy metal destroyed: This buildEnemy metal destroyed: Standard geoOwn metal lost: This buildOwn metal lost: Standard geo
1:003333420000
2:008458710000
3:00151515000000
4:00267926630000
5:00372536900000
6:00533255860000
7:00769178910000
8:00101941096100850
9:0012980138761952124247
10:00159321678420272961755185
11:001917519610303611022326738
12:0021773226853367223330231443
13:0024942255514396403934762394
14:0027379284135578580946604294
15:0030091313517035786253765693
WHAT THE NUMBERS SAY

Won more often than the standard build and destroyed far more enemy metal by 10:00 and 15:00.

  • + Destroys 2005 enemy metal by 10:00 vs 424 for standard.
  • + Won more often than the Geo norm in these games.
  • − Own losses jump to 2022 by 10:00 vs 260 for standard.
  • − Metal production trails standard build slightly throughout.
THE EXAMPLE YOU ARE READING

DukeofStars

53.8 OS · 30/09/2026

Open source match ↗

2 received units · includes a constructor
1144 metal received · 39233 energy received

Allied construction assistance is unknown. Timings are observations, not a promise of solo reproducibility.

Typical milestones

Bot Lab1:11Middle 50%: 0:52–1:20 · n=46
Geothermal Powerplant3:26Middle 50%: 3:05–3:36 · n=46
Advanced Metal Extractor5:48Middle 50%: 5:26–6:17 · n=44
Aircraft Plant6:56Middle 50%: 4:34–7:17 · n=45
Advanced Geothermal Powerplant7:19Middle 50%: 6:56–8:10 · n=36
Advanced Bot Lab9:38Middle 50%: 8:56–10:13 · n=24

Played most by

El_Turco6games of this buildPongoPygmaeus6games of this buildOsamaBinClappin4games of this buildPRO_HYDRA4games of this buildzeus_on_god4games of this build